AoeStats
← eloycorsob

Arena

509931485Analyzed
3v3 RM · 5d ago on Sep 28, 2026· 47m 40s· 6 players
Game mode
Random Map
Map size
Normal (6 player)
Population
200
Speed
Normal
Resources
Standard
Victory
Conquest
Starting age
Dark Age
Ending age
Imperial Age
RankedLock teamsTeams togetherTeam positionsShared explorationLock speedFull tech treeHidden civsTurbo modeCheats
Victory
Defeat
🇪🇸 Chinese · Spain
587
+13
🇷🇺 Burgundians · Russia
585
+13
🇧🇷 Franks · Brazil
408
+21
🇫🇷 Franks · France
568
-18
🇨🇦 Bohemians · Canada
507
-15
🇯🇵 Spanish · Japan
479
-14
DAZACO
9:15 Feudal Age
15:08 Castle Age
15:57 Double-Bit Axe
17:05 Horse Collar
22:32 Bow Saw
26:31 Caravan
32:53 Imperial Age
31:00 Wheelbarrow
31:42 Chemistry
31:00 Heavy Plow
31:47 Wheelbarrow
30:58 Loom
30:59 Town Watch
34:55 Two-Man Saw
34:18 Hand Cart
34:03 Town Patrol
34:37 Ballistics
38:53 Scale Mail Armor
39:04 Forging
38:18 Elite Hussite Wagon
38:26 Heavy Scorpion
38:47 Pikeman
40:01 Chain Mail Armor
42:07 Fletching
PremixedHail436
0:29 Loom
18:04 Feudal Age
20:30 Horse Collar
20:38 Double-Bit Axe
20:48 Stone Mining
21:01 Man-at-Arms
21:41 Arson
23:20 Wheelbarrow
22:39 Town Watch
24:18 Padded Archer Armor
25:19 Fletching
25:30 Scale Mail Armor
26:57 Gold Mining
27:15 Scale Barding Armor
27:22 Forging
28:36 Bloodlines
31:55 Castle Age
36:13 Caravan
36:23 Town Patrol
36:49 Chain Mail Armor
36:49 Leather Archer Armor
36:30 Bodkin Arrow
37:11 Iron Casting
36:56 Chain Barding Armor
37:00 Bow Saw
37:05 Heavy Plow
37:31 Husbandry
36:51 Light Cavalry
36:58 Elite Skirmisher
38:47 Stone Shaft Mining
37:37 Pikeman
38:17 Squires
40:59 Gambesons
40:35 Long Swordsman
41:32 Inquisition
42:07 Masonry
42:18 Ballistics
Nashushamen
0:38 Loom
13:38 Feudal Age
14:05 Double-Bit Axe
14:14 Gold Mining
14:15 Stone Mining
21:29 Fletching
21:49 Forging
21:41 Scale Mail Armor
21:47 Scale Barding Armor
23:20 Wheelbarrow
23:50 Town Watch
26:54 Castle Age
28:53 Hand Cart
29:04 Town Patrol
29:15 Caravan
29:54 Gold Shaft Mining
32:06 Iron Casting
31:46 Chain Mail Armor
31:30 Bodkin Arrow
31:56 Chain Barding Armor
31:39 Pikeman
32:20 Squires
32:11 Arson
34:30 Fortified Wall
34:01 Treadmill Crane
34:36 Masonry
34:22 Murder Holes
34:47 Ballistics
42:40 Imperial Age
41:52 Bow Saw
43:11 Capped Ram
45:04 Blast Furnace
44:35 Plate Mail Armor
43:46 Halberdier
45:08 Plate Barding Armor
44:41 Siege Engineers
45:07 Architecture
45:38 Chemistry
45:55 Cavalier
46:36 Husbandry
46:59 Conscription
46:40 Chivalry
47:16 Hoardings
Apollo 1984
14:11 Feudal Age
18:02 Double-Bit Axe
28:34 Castle Age
26:52 Forging
26:59 Scale Barding Armor
30:22 Iron Casting
30:13 Chain Barding Armor
31:38 Fortified Wall
32:26 Bow Saw
38:11 Pikeman
39:26 Caravan
eloycorsob
0:50 Loom
11:24 Feudal Age
13:07 Horse Collar
15:09 Gold Mining
15:28 Stone Mining
17:49 Wheelbarrow
21:58 Castle Age
20:25 Double-Bit Axe
25:14 Gold Shaft Mining
25:17 Stone Shaft Mining
24:58 Caravan
25:02 Padded Archer Armor
24:54 Fletching
25:22 Bow Saw
24:55 Crossbowman
31:14 Imperial Age
31:23 Imperial Age
29:34 Bodkin Arrow
29:55 Leather Archer Armor
32:19 Bracer
32:34 Leather Archer Armor
33:05 Great Wall
34:16 Conscription
33:28 Sappers
35:00 Hand Cart
35:24 Pikeman
36:16 Squires
36:02 Arson
36:20 Squires
36:06 Arson
38:12 Chemistry
37:36 Arbalester
38:57 Thumb Ring
39:52 Elite Fire Lancer
40:18 Arson
41:51 Halberdier
44:33 Rocketry
PONI_PAI
0:43 Loom
8:47 Wheelbarrow
8:16 Double-Bit Axe
10:06 Wheelbarrow
12:15 Feudal Age
13:15 Horse Collar
14:40 Town Watch
15:16 Heavy Plow
17:00 Bow Saw
18:30 Hand Cart
18:31 Gold Mining
18:41 Stone Mining
26:38 Castle Age
25:46 Gold Shaft Mining
25:49 Stone Shaft Mining
26:54 Scale Barding Armor
27:00 Forging
26:44 Fletching
26:54 Padded Archer Armor
28:12 Cavalier
28:53 Husbandry
29:27 Crop Rotation
30:00 Two-Man Saw
30:35 Burgundian Vineyards
31:27 Town Patrol
33:05 Caravan
33:30 Arson
33:46 Squires
34:10 Fortified Wall
34:24 Chain Barding Armor
34:50 Iron Casting
38:45 Imperial Age
39:29 Paladin
40:07 Treadmill Crane
40:39 Masonry
44:30 Blast Furnace
44:05 Plate Barding Armor
43:47 Leather Archer Armor
43:27 Bodkin Arrow
43:33 Scale Mail Armor
43:56 Ballistics
44:37 Chemistry
44:09 Architecture
Connection lost

Rejoining the realm…

Still unreachable

The connection could not be restored.

Session expired

The server has moved on; the page needs a fresh start.